 Dungeon Crawl Stone Soup version 0.23-a0-730-g0b75920 (webtiles) character file.

3129 robertstho the Slasher (level 9, 0/69 HPs)
             Began as a Demonspawn Abyssal Knight on Jan 18, 2019.
             Was a Priest of Lugonu.
             Slain by a gargoyle
             ... wielding a +0 mace
              (6 damage)
             ... on level 10 of the Dungeon.
             The game lasted 00:25:30 (9356 turns).

robertstho the Slasher (Demonspawn Abyssal Knight)  Turns: 9356, Time: 00:25:30

Health: 0/69       AC: 11    Str: 14    XL:     9   Next: 61%
Magic:  0/13       EV:  9    Int: 15    God:    Lugonu [***...]
Gold:   370        SH:  3    Dex: 13    Spells: 8/8 levels left

rFire    + . .     SeeInvis +   a - +1 falchion
rCold    x . .     Gourm    .   (no shield)
rNeg     . . .     Faith    .   f - +0 chain mail
rPois    .         Spirit   +   (helmet restricted)
rElec    .         Reflect  +   h - +0 cloak
rCorr    .         Harm     .   (no gloves)
MR       .....                  (no boots)
Stlth    ..........             b - +3 amulet of reflection
HPRegen  0.21/turn              m - ring of see invisible
MPRegen  0.13/turn              y - ring of fire

@: no status effects
A: horns 2, repulsion field 1, magic shield
a: Depart the Abyss, Bend Space, Banish, Renounce Religion


You were on level 10 of the Dungeon.
You worshipped Lugonu.
Lugonu was most pleased with you.
You were hungry.

You visited 1 branch of the dungeon, and saw 10 of its levels.
You visited the Abyss 1 time.

You collected 633 gold pieces.
You spent 263 gold pieces at shops.

Inventory:

Hand Weapons
 a - a +1 falchion (weapon)
Armour
 f - a +0 chain mail (worn)
 h - a +0 cloak (worn)
Jewellery
 b - a +3 amulet of reflection (around neck)
 m - a ring of see invisible (left hand)
 y - a ring of fire (right hand)
 z - an uncursed amulet of harm {unknown}
Wands
 k - a wand of polymorph (16)
 o - a wand of random effects (19)
 p - a wand of disintegration (9)
Scrolls
 d - 4 scrolls of remove curse
 g - 3 scrolls of immolation
 i - a scroll of enchant weapon {unknown}
 q - 2 scrolls of fog
 r - 3 scrolls of identify
 s - 2 scrolls of blinking
 t - a scroll of enchant armour {unknown}
 x - a scroll of fear {unknown}
Potions
 e - a potion of berserk rage {unknown}
 j - a potion of cancellation
 l - a potion of ambrosia
 n - a potion of lignification
 u - a potion of magic
Comestibles
 c - 18 rations
 w - 5 chunks of flesh


   Skills:
 + Level 5.9 Fighting
 * Level 7.8 Long Blades
 * Level 7.3 Armour
 + Level 2.0 Dodging
 + Level 0.9 Stealth
 + Level 0.6 Unarmed Combat
 * Level 6.3 Invocations


You had 8 spell levels left.
You didn't know any spells.
Your spell library was empty.

Dungeon Overview and Level Annotations

Branches:
Dungeon (10/15)            Temple (0/1) D:7
   Lair: D:8-11         Orc: D:9-12

Altars:
Ashenzari
Dithmenos
Fedhas
Gozag
Kikubaaqudgha
Okawaru
Trog
Uskayaw
Vehumet

Shops:
D:4 ?

Annotations:
D:8 corrupted


Innate Abilities, Weirdness & Mutations

You have a pair of horns on your head.
You are surrounded by a mild repulsion field. (EV +2)
When hurt, damage is shared between your health and your magic reserves.


Message History

The gargoyle hits you with a +0 mace.
You hit the gargoyle but do no damage.
The gargoyle is almost destroyed.
The gargoyle hits you with a +0 mace!
* * * LOW HITPOINT WARNING * * *
You feel better.
The gargoyle hurls a stone arrow at you.
The stone arrow hits you!
* * * LOW HITPOINT WARNING * * *
You feel better. The gargoyle barely misses you.
You hit the gargoyle but do no damage.
The gargoyle is almost destroyed.
The gargoyle hits you with a +0 mace!
* * * LOW HITPOINT WARNING * * *
You hit the gargoyle but do no damage.
The gargoyle is almost destroyed.
You hit the gargoyle but do no damage.
The gargoyle is almost destroyed.
The gargoyle hits you with a +0 mace!
You die...

##'## #.# #.# . ..
#.#>..###.# #.## #. #.
#.....รท##.# #... .##.
#.......#.####.#
....................
...................
#.#.........####...
#.###9##.......######.#
#..>..@.#.....###......
#.###.#.##...## #.#####
#.#.###+# #.#####
#.#.###.#####.#....
..#.##........#.###
###.##..## #.#.# #
#.##...####.#.###
#.#####.#..............
#.............###.#.###


You could see a gargoyle.

Vanquished Creatures
  2 hippogriffs (D:10)
  2 water moccasins
  A black bear (D:10)
  A necrophage (D:6)
  An ice beast (D:7)
  2 centaurs
  2 bullfrogs
  A big kobold (D:8)
  A scorpion (D:4)
  5 killer bees (D:8)
  2 howler monkeys
  3 wights (D:8)
  5 crimson imps
  3 jellies
  3 quasits
  2 centaur zombies
  4 hounds
  3 orc priests
  2 iguanas
  6 orc wizards
  A bullfrog skeleton (D:7)
  A gnoll shaman (D:5)
  Terence (D:3)
  Natasha (thrice) (D:2)
  3 worker ants
  A killer bee zombie (D:5)
  2 hound skeletons
  5 gnolls (D:5)
  9 adders
  An adder skeleton (D:8)
  5 worms
  4 dart slugs
  2 leopard geckos (D:5)
  19 orcs
  4 giant cockroaches
  6 goblins
  10 hobgoblins
  20 jackals
  A quokka (D:3)
  A ball python (D:1)
  4 bats
  6 frilled lizards
  7 kobolds
  A leopard gecko zombie (D:5)
  A quokka skeleton (D:9)
  13 rats
182 creatures vanquished.

Vanquished Creatures (others)
  A two-headed ogre (D:8)
  A queen bee (D:8)
  A hungry ghost (D:8)
  A wyvern zombie (D:8)
  A gnoll sergeant (D:8)
  12 killer bees (D:8)
  A crimson imp (D:8)
  A jelly (D:8)
  A worker ant (D:8)
  4 gnolls (D:8)
  An orc (D:8)
  7 starspawn tentacles (D:8)
32 creatures vanquished.

Grand Total: 214 creatures vanquished

Notes
Turn   | Place    | Note
-------+----------+-------------------------------------------
     0 | Abyss:1  | robertstho the Demonspawn Abyssal Knight began the quest
                  | for the Orb.
     0 | Abyss:1  | Reached XP level 1. HP: 18/18 MP: 2/2
    96 | Abyss:1  | Noticed a starcursed mass
    98 | Abyss:1  | Noticed an ancient zyme
   100 | D:1      | Escaped the Abyss
   183 | D:1      | Reached * piety under Lugonu
   240 | D:1      | Gained mutation: You are surrounded by a mild repulsion
                  | field. (EV +2) [demonic ancestry]
   240 | D:1      | Reached XP level 2. HP: 21/24 MP: 4/4
   881 | D:1      | Reached XP level 3. HP: 25/29 MP: 5/5
  1048 | D:2      | Noticed Natasha
  1070 | D:2      | Killed Natasha
  1070 | D:2      | Reached skill level 1 in Dodging
  1082 | D:2      | Noticed Natasha
  1093 | D:2      | Killed Natasha
  1093 | D:2      | Gained mutation: You have a pair of small horns on your
                  | head. [demonic ancestry]
  1093 | D:2      | Reached XP level 4. HP: 7/37 MP: 6/6
  1096 | D:2      | Noticed Natasha
  1636 | D:2      | Killed Natasha
  2113 | D:3      | Noticed Terence
  2120 | D:3      | Reached ** piety under Lugonu
  2122 | D:3      | Reached XP level 5. HP: 25/42 MP: 7/7
  2123 | D:3      | Killed Terence
  2426 | D:3      | Gained mutation: When hurt, damage is shared between your
                  | health and your magic reserves. [demonic ancestry]
  2426 | D:3      | Reached XP level 6. HP: 14/48 MP: 8/8
  2809 | D:3      | Found an ancient bone altar of Kikubaaqudgha.
  3073 | D:4      | Found Arifasaxt's Magic Scroll Emporium.
  3090 | D:4      | Bought a scroll of immolation for 38 gold pieces
  3090 | D:4      | Bought a scroll of fog for 22 gold pieces
  3090 | D:4      | Bought a scroll of identify for 22 gold pieces
  3090 | D:4      | Bought a scroll of identify for 22 gold pieces
  3090 | D:4      | Bought a scroll of fog for 22 gold pieces
  3090 | D:4      | Bought a scroll of identify for 22 gold pieces
  3090 | D:4      | Bought a scroll of remove curse for 33 gold pieces
  3090 | D:4      | Bought a scroll of vulnerability for 82 gold pieces
  3173 | D:4      | Found a bloodstained altar of Trog.
  3174 | D:4      | Found a hide-covered altar of Uskayaw.
  3175 | D:4      | Found an iron altar of Okawaru.
  3177 | D:4      | Found an opulent altar of Gozag.
  3304 | D:4      | Reached *** piety under Lugonu
  3797 | D:5      | Entered Level 5 of the Dungeon
  3887 | D:5      | Reached XP level 7. HP: 48/54 MP: 9/9
  3946 | D:5      | Reached skill level 5 in Long Blades
  4260 | D:5      | Found a radiant altar of Vehumet.
  5083 | D:6      | Found a shadowy altar of Dithmenos.
  5250 | D:6      | Gained mutation: You have a pair of horns on your head.
                  | [demonic ancestry]
  5250 | D:6      | Reached XP level 8. HP: 54/57 MP: 9/11
  5412 | D:6      | Reached skill level 5 in Invocations
  5439 | D:6      | Found a blossoming altar of Fedhas.
  5609 | D:7      | Reached **** piety under Lugonu
  5609 | D:7      | Reached skill level 5 in Armour
  5673 | D:7      | Found a staircase to the Ecumenical Temple.
  6438 | D:7      | Reached skill level 5 in Fighting
  6794 | D:7      | Reached XP level 9. HP: 25/68 MP: 8/13
  7323 | D:8      | Noticed a two-headed ogre
  7587 | D:8      | Noticed a queen bee
  7589 | D:8      | Corrupted D:8
  7589 | D:8      | Noticed a starcursed mass
  7589 | D:8      | Noticed a tentacled starspawn
  7589 | D:8      | Noticed a hell hog
  7589 | D:8      | Noticed an apocalypse crab
  7589 | D:8      | Noticed a large abomination
  7589 | D:8      | Noticed an ice devil
  7589 | D:8      | Noticed a large abomination
  7589 | D:8      | Noticed a hellwing
  7592 | D:8      | Noticed a tentacled starspawn
  7593 | D:8      | Noticed a sixfirhy
  7593 | D:8      | Killed a queen bee
  7641 | D:8      | Noticed a thrashing horror
  7649 | D:8      | Killed a two-headed ogre
  7708 | D:8      | Noticed a sixfirhy
  8263 | D:8      | Found a shattered altar of Ashenzari.
  8687 | D:10     | Entered Level 10 of the Dungeon
  9327 | D:10     | Noticed a gargoyle
  9356 | D:10     | Slain by a gargoyle

Vault maps used:
D:1:      dpeg_arrival_snail
D:2:      uniq_natasha
D:3:      old_standard_altar, minmay_misc_feat_five, uniq_terence
D:4:      grunt_temple_overflow_open, serial_shops, shop_coins, first_ration
D:5:      fiery_altar_vehumet
D:6:      old_standard_altar, ebering_ghost_rock_garden,
          nicolae_dithmenos_shadow_blocks
D:7:      minmay_temple_entry_statues_pillars
D:8:      overflow_temple_1_default, david_nohive_1
D:9:      david_orc_4, serial_shops, kennysheep_little_box
D:10:     serial_shops, nicolae_shop_crystal, shop,
          nicolae_shop_window_shopping, shop, hangedman_incinerator

Skill      XL: |  1  2  3  4  5  6  7  8  9 |
---------------+----------------------------+-----
Invocations    | 3 4 5 6 |  6.3
Armour         | 2 3 4 5 7 |  7.3
Long Blades    | 2 3 4 6 7 |  7.8
Dodging        | 1 2 |  2.0
Fighting       | 4 5 |  5.9
Stealth        | |  0.9
Unarmed Combat | |  0.6

Action                   |  1- 3 |  4- 6 |  7- 9 || total
-------------------------+-------+-------+-------++-------
Melee: Falchion          |    80 |   256 |   625 ||   961
       Spear             |    24 |       |       ||    24
       Unarmed           |       |    12 |       ||    12
       Headbutt          |       |    37 |   128 ||   165
       Punch             |       |     1 |     1 ||     2
Invok: Depart the Abyss  |     1 |       |       ||     1
       Banish            |       |       |     1 ||     1
       Corrupt           |       |       |     1 ||     1
Evoke: Wand              |       |       |     1 ||     1
  Use: Scroll            |     3 |     8 |     9 ||    20
       Potion            |     2 |     5 |    13 ||    20
  Eat: Chunk             |     1 |     9 |     9 ||    19
       Ration            |       |       |     3 ||     3
Armor: Leather armour    |    20 |       |       ||    20
       Chain mail        |    17 |   180 |   495 ||   692
Dodge: Dodged            |    61 |   128 |   375 ||   564
Block: Other             |       |       |    90 ||    90
       Reflection        |       |       |     3 ||     3
       Rpst.: Falchion   |    10 |    42 |   105 ||   157

Table legend:
 A = Non-vault XP
 B = Vault XP
 C = Vault XP percentage of total XP
 D = Non-vault monster count
 E = Vault monster count
 F = Vault count percentage of total count
                 A         B        C        D         E       F
            +---------+---------+-------+---------+---------+-------
      Total |    4031 |     439 |   9.8 |     175 |       9 |   4.9
            +---------+---------+-------+---------+---------+-------
        D:1 |      41 |       0 |   0.0 |      24 |       0 |   0.0
        D:2 |     104 |      35 |  25.2 |      16 |       1 |   5.9
        D:3 |     230 |      36 |  13.5 |      37 |       1 |   2.6
        D:4 |     232 |       0 |   0.0 |      11 |       0 |   0.0
        D:5 |     613 |       0 |   0.0 |      21 |       0 |   0.0
        D:6 |     439 |       0 |   0.0 |      22 |       0 |   0.0
        D:7 |    1108 |       0 |   0.0 |      22 |       0 |   0.0
        D:8 |     510 |     287 |  36.0 |      16 |       5 |  23.8
        D:9 |       1 |      81 |  98.8 |       1 |       2 |  66.7
       D:10 |     753 |       0 |   0.0 |       5 |       0 |   0.0
            +---------+---------+-------+---------+---------+-------
